[Event "ICC tourney 2297 (30 10)"]
[Site "Internet Chess Club"]
[Date "2021.01.10"]
[Round "2"]
[White "coolsportsguy"]
[Black "MagicStar"]
[Result "1-0"]
[ICCResult "Black resigns"]
[WhiteElo "2330"]
[BlackElo "2059"]
[Opening "Queen's pawn, Mason variation"]
[ECO "D00"]
[NIC "QP.08"]
[Time "13:01:56"]
[PlyCount "65"]
[TimeControl "1800+10"]

1. d4 d5 2. Bf4 Nf6 3. e3 e6 4. Nd2 Bd6 5. Bg3 O-O 6. Bd3 c5 7. c3 b6 8.
Ngf3 Qc7 9. Ne5 Nbd7 10. f4 a5 11. Qe2 Bb7 12. O-O Ne4 13. Nxe4 dxe4 14.
Bb5 Nf6 15. Nc4 Nd5 16. Nxd6 Qxd6 17. f5 Qe7 18. f6 Nxf6 19. Bh4 e5 20.
Rxf6 gxf6 21. Qg4+ Kh8 22. Qf5 Rg8 23. Bxf6+ Qxf6 24. Qxf6+ Rg7 25. dxe5
Rg8 26. Rd1 Bc8 27. Bd7 Ba6 28. Bf5 Bd3 29. h4 Be2 30. Rd8 Rxd8 31. Qxd8+
Rg8 32. Qf6+ Rg7 33. g4 { Black resigns } 1-0

[Event "ICC tourney 2297 (30 10)"]
[Site "Internet Chess Club"]
[Date "2021.01.10"]
[Round "2"]
[White "saif-shawkat"]
[Black "marble"]
[Result "0-1"]
[ICCResult "White resigns"]
[WhiteElo "2059"]
[BlackElo "2508"]
[Opening "Pirc: classical system, 5.Be2"]
[ECO "B06"]
[NIC "PU.03"]
[Time "13:01:29"]
[PlyCount "48"]
[TimeControl "1800+10"]

1. e4 g6 2. d4 Bg7 3. Nf3 d6 4. Be2 Nf6 5. Nc3 O-O 6. O-O e6 7. Re1 b6 8.
Bf1 Bb7 9. Bg5 h6 10. Bh4 g5 11. Bg3 Nh5 12. e5 Nxg3 13. hxg3 dxe5 14. Nxe5
Nc6 15. Ba6 Bxa6 16. Nxc6 Qd6 17. d5 Rfe8 18. Qf3 exd5 19. Nxd5 Bb7 20.
Nde7+ Kf8 21. Rad1 Rxe7 22. Nxe7 Bxf3 23. Rxd6 cxd6 24. gxf3 Re8 { White
resigns } 0-1

[Event "ICC tourney 2297 (30 10)"]
[Site "Internet Chess Club"]
[Date "2021.01.10"]
[Round "2"]
[White "Luke123"]
[Black "Goran21"]
[Result "0-1"]
[ICCResult "White checkmated"]
[WhiteElo "1908"]
[BlackElo "2008"]
[Opening "Sicilian: Canal-Sokolsky attack, 3...Bd7"]
[ECO "B52"]
[NIC "SI.01"]
[Time "13:01:27"]
[PlyCount "152"]
[TimeControl "1800+10"]

1. e4 c5 2. Nf3 d6 3. Bb5+ Bd7 4. Bxd7+ Qxd7 5. O-O g6 6. c3 c4 7. d4 cxd3
8. Qxd3 Bg7 9. Re1 Nc6 10. Bf4 Nf6 11. Nbd2 O-O 12. Rad1 Rad8 13. Qe2 Nh5
14. Bg3 Nxg3 15. hxg3 Qe6 16. a3 a6 17. Ng5 Qe5 18. f4 Qc5+ 19. Kh2 e5 20.
Ndf3 h6 21. Nh3 exf4 22. gxf4 Rfe8 23. Qd3 Qh5 24. Rg1 Qc5 25. Nd4 d5 26.
Nxc6 bxc6 27. exd5 cxd5 28. Qxa6 Re6 29. Qd3 Re3 30. Qd2 d4 31. Qxe3 dxe3
32. Rxd8+ Kh7 33. Re8 g5 34. Re1 g4 35. Ng1 Qh5+ 36. Nh3 gxh3 37. gxh3 Qf3
38. R8xe3 Qf2+ 39. Kh1 Qxb2 40. c4 Bd4 41. Rd3 Qf2 42. Red1 Be3 43. f5 Qf3+
44. Kh2 Bf4+ 45. Kg1 Qe2 46. Rd7 Qh2+ 47. Kf1 Qxh3+ 48. Kf2 Qe3+ 49. Kf1
Qf3+ 50. Ke1 Be3 51. R1d2 Bxd2+ 52. Rxd2 Qxf5 53. Re2 Qa5+ 54. Kf2 Qxa3 55.
Re3 Qc5 56. Ke2 Qxc4+ 57. Kd2 Qd4+ 58. Ke2 Qxe3+ 59. Kxe3 Kg6 60. Ke4 f5+
61. Kf3 Kf6 62. Kf4 h5 63. Kg3 Kg5 64. Kh3 f4 65. Kg2 Kg4 66. Kf2 h4 67.
Kg1 Kf3 68. Kh2 Ke2 69. Kh1 f3 70. Kg1 f2+ 71. Kg2 f1=Q+ 72. Kh2 Qf2+ 73.
Kh1 Qf5 74. Kg2 Qg4+ 75. Kh2 Kf1 76. Kh1 Qg2# { White checkmated } 0-1

[Event "ICC tourney 2297 (30 10)"]
[Site "Internet Chess Club"]
[Date "2021.01.10"]
[Round "2"]
[White "runtilmorrow1"]
[Black "SanthoshA"]
[Result "1-0"]
[ICCResult "Black checkmated"]
[WhiteElo "1968"]
[BlackElo "1562"]
[Opening "Ruy Lopez: closed, 7...O-O"]
[ECO "C88"]
[NIC "RL.17"]
[Time "13:01:36"]
[PlyCount "85"]
[TimeControl "1800+10"]

1. e4 e5 2. Nf3 Nc6 3. Bb5 a6 4. Ba4 Nf6 5. O-O Be7 6. Re1 b5 7. Bb3 O-O 8.
d4 exd4 9. e5 Ne8 10. c3 dxc3 11. Nxc3 d6 12. Bd5 Bb7 13. Nd4 Na5 14. e6
Bxd5 15. Nxd5 Nf6 16. Nxe7+ Qxe7 17. Nf5 Qxe6 18. Rxe6 fxe6 19. Nd4 e5 20.
Nb3 Nxb3 21. axb3 Kh8 22. Bg5 Ne4 23. Be3 Nf6 24. Qc2 Rf7 25. Bg5 Nd5 26.
Qc6 Nb6 27. Be3 Rff8 28. Bxb6 cxb6 29. Qxd6 Rf6 30. Qxe5 Rc6 31. h4 h6 32.
g4 Rc2 33. Rd1 Rf8 34. Rd7 Rf6 35. g5 Rg6 36. Qf5 Rcc6 37. Rd8+ Kh7 38. h5
hxg5 39. hxg6+ Rxg6 40. Rd6 Kg8 41. Qxg6 Kf8 42. Re6 Kg8 43. Re8# { Black
checkmated } 1-0

[Event "ICC tourney 2297 (30 10)"]
[Site "Internet Chess Club"]
[Date "2021.01.10"]
[Round "2"]
[White "Clairehouses"]
[Black "xyzchessdude"]
[Result "0-1"]
[ICCResult "White checkmated"]
[WhiteElo "1578"]
[BlackElo "1960"]
[Opening "Benkö gambit accepted"]
[ECO "A58"]
[NIC "BI.45"]
[Time "13:01:27"]
[PlyCount "92"]
[TimeControl "1800+10"]

1. d4 Nf6 2. c4 c5 3. d5 b5 4. cxb5 a6 5. bxa6 g6 6. Nc3 Bg7 7. e4 O-O 8.
Bd3 Qa5 9. Nf3 Nxd5 10. exd5 Bxc3+ 11. bxc3 Qxc3+ 12. Bd2 Qxd3 13. Qb3 Bxa6
14. Qxd3 Bxd3 15. Bh6 Rc8 16. Kd2 Be4 17. Rhe1 Bxd5 18. Rxe7 Be6 19. Ng5
Nc6 20. Nxe6 Nxe7 21. Nf4 f6 22. Ne2 Kf7 23. Bf4 d5 24. Nc3 Rc6 25. a4 d4
26. Nb5 Nd5 27. Bg3 Rca6 28. Bd6 Rxa4 29. Rxa4 Rxa4 30. Kd3 Nb4+ 31. Kc4
Na6+ 32. Kd3 Rb4 33. Nc7 Nxc7 34. Bxc7 Ke6 35. f3 Kd5 36. Ba5 c4+ 37. Kc2
Ra4 38. Be1 Ra2+ 39. Kb1 Rxg2 40. Bg3 c3 41. Kc1 d3 42. Kb1 Kc4 43. Bf4 Kb3
44. Bc1 Rg1 45. f4 d2 46. f5 Rxc1# { White checkmated } 0-1

[Event "ICC tourney 2297 (30 10)"]
[Site "Internet Chess Club"]
[Date "2021.01.10"]
[Round "2"]
[White "TjkTiger"]
[Black "JonnyTurgi"]
[Result "1-0"]
[ICCResult "Black resigns"]
[WhiteElo "2597"]
[BlackElo "2087"]
[Opening "English: four knights, Nimzovich variation"]
[ECO "A28"]
[NIC "EO.09"]
[Time "13:02:19"]
[PlyCount "69"]
[TimeControl "1800+10"]

1. c4 e5 2. Nc3 Nf6 3. Nf3 Nc6 4. e4 Bb4 5. d3 d6 6. a3 Bc5 7. b4 Bb6 8.
Na4 Bd4 9. Rb1 Bg4 10. Be2 Bxf3 11. Bxf3 O-O 12. O-O h6 13. Bd2 Ne7 14. Nc3
c6 15. Ne2 Bb6 16. Bc3 Ng6 17. Ng3 Re8 18. Kh1 Qd7 19. Nh5 Nxh5 20. Bxh5
Nf4 21. Bg4 Qe7 22. g3 Ne6 23. f4 Nd4 24. Qd2 Rad8 25. Rbe1 f6 26. Bh5 Rf8
27. f5 d5 28. exd5 cxd5 29. c5 Nb3 30. Qa2 Nxc5 31. bxc5 Bxc5 32. d4 Bxa3
33. dxe5 Qc5 34. Qb3 fxe5 35. Ra1 { Black resigns } 1-0

[Event "ICC tourney 2297 (30 10)"]
[Site "Internet Chess Club"]
[Date "2021.01.10"]
[Round "2"]
[White "MrNormalName"]
[Black "ELCCEthan488"]
[Result "1/2-1/2"]
[ICCResult "Game drawn by repetition"]
[WhiteElo "2174"]
[BlackElo "1565"]
[Opening "QGD: Charousek (Petrosian) variation"]
[ECO "D31"]
[NIC "QO.05"]
[Time "13:02:19"]
[PlyCount "46"]
[TimeControl "1800+10"]

1. d4 d5 2. c4 e6 3. Nc3 Be7 4. cxd5 exd5 5. Bf4 c6 6. Qc2 Nf6 7. h3 O-O 8.
e3 Nbd7 9. Bd3 Re8 10. Nf3 Nf8 11. O-O Ng6 12. Bh2 Bd6 13. Bxd6 Qxd6 14.
Rab1 a5 15. Na4 Ne4 16. Bxe4 dxe4 17. Nd2 Nh4 18. Kh1 Bxh3 19. gxh3 Qe6 20.
Kh2 Qd6+ 21. Kh1 Qe6 22. Kh2 Qd6+ 23. Kh1 Qe6 { Game drawn by repetition }
1/2-1/2

[Event "ICC tourney 2297 (30 10)"]
[Site "Internet Chess Club"]
[Date "2021.01.10"]
[Round "2"]
[White "wangfang75"]
[Black "Moon-stone123"]
[Result "0-1"]
[ICCResult "White resigns"]
[WhiteElo "1834"]
[BlackElo "2150"]
[Opening "Caro-Kann: Panov-Botvinnik attack, 5...g6"]
[ECO "B14"]
[NIC "CK.03"]
[Time "13:01:31"]
[PlyCount "96"]
[TimeControl "1800+10"]

1. e4 c6 2. d4 d5 3. exd5 cxd5 4. c4 Nf6 5. Nc3 g6 6. Nf3 Bg7 7. cxd5 Nxd5
8. Bc4 Nb6 9. Bb3 O-O 10. O-O Nc6 11. Be3 Na5 12. Ne5 Nxb3 13. axb3 Be6 14.
f4 Nd5 15. Nxd5 Qxd5 16. Ra3 a6 17. Qf3 Qxf3 18. Nxf3 Rac8 19. Bd2 Rc2 20.
Bc3 Bd5 21. b4 Rd8 22. Ne1 Rc1 23. Nd3 Rxf1+ 24. Kxf1 Bc4 25. Ke2 Bxd4 26.
Bxd4 Rxd4 27. Ke3 Rxd3+ 28. Rxd3 Bxd3 29. Kxd3 Kf8 30. Kd4 Ke8 31. Kc5 Kd7
32. Kb6 Kc8 33. h4 h5 34. b3 Kb8 35. b5 axb5 36. b4 Kc8 37. Kxb5 Kc7 38.
Kc5 e6 39. b5 b6+ 40. Kc4 Kd6 41. Kd4 f6 42. g3 e5+ 43. Ke4 Ke6 44. g4 hxg4
45. f5+ gxf5+ 46. Kd3 g3 47. Ke2 e4 48. h5 Kf7 { White resigns } 0-1

[Event "ICC tourney 2297 (30 10)"]
[Site "Internet Chess Club"]
[Date "2021.01.10"]
[Round "2"]
[White "chesssky"]
[Black "AJ2000"]
[Result "1-0"]
[ICCResult "Black resigns"]
[WhiteElo "1991"]
[BlackElo "1646"]
[Opening "Neo-Grünfeld, 6.O-O"]
[ECO "D77"]
[NIC "GI.02"]
[Time "13:01:29"]
[PlyCount "69"]
[TimeControl "1800+10"]

1. Nf3 Nf6 2. d4 g6 3. c4 Bg7 4. g3 O-O 5. Bg2 d5 6. O-O dxc4 7. Na3 Be6 8.
Ne5 c6 9. Naxc4 Bd5 10. f3 Nbd7 11. e4 Bxc4 12. Nxc4 Nb6 13. b3 e6 14. Ba3
Nxc4 15. bxc4 Re8 16. e5 Nd7 17. f4 Nb6 18. Qd3 Bf8 19. c5 Nd5 20. Rab1 b5
21. g4 Bh6 22. Bc1 Qd7 23. Qh3 Bg7 24. f5 exf5 25. gxf5 gxf5 26. Rb3 Rad8
27. Qh5 Qe6 28. Rg3 Ne7 29. Be3 Ng6 30. Rxf5 Kh8 31. Be4 Rd7 32. Rh3 Nf8
33. Rg5 h6 34. Bf5 Qe7 35. Qxh6+ { Black resigns } 1-0

[Event "ICC tourney 2297 (30 10)"]
[Site "Internet Chess Club"]
[Date "2021.01.10"]
[Round "2"]
[White "musk6868"]
[Black "espark"]
[Result "0-1"]
[ICCResult "White forfeits on time"]
[WhiteElo "2051"]
[BlackElo "2322"]
[Opening "Robatsch defense: Pseudo-Austrian attack"]
[ECO "B06"]
[NIC "KF.05"]
[Time "13:01:33"]
[PlyCount "52"]
[TimeControl "1800+10"]

1. e4 g6 2. d4 Bg7 3. Nc3 d6 4. f4 a6 5. Nf3 Nd7 6. Be3 b5 7. e5 Nh6 8. Qd2
O-O 9. O-O-O b4 10. Ne4 Bb7 11. Bd3 Rb8 12. Nfg5 Bd5 13. c4 bxc3 14. Nxc3
e6 15. h4 c5 16. Nxd5 exd5 17. h5 cxd4 18. hxg6 dxe3 19. gxf7+ Kh8 20. Qxe3
Qc7+ 21. Kb1 Rxb2+ 22. Kxb2 Rb8+ 23. Bb5 Rxb5+ 24. Ka1 dxe5 25. f5 e4+ 26.
Rd4 Qc2 { White forfeits on time } 0-1

[Event "ICC tourney 2297 (30 10)"]
[Site "Internet Chess Club"]
[Date "2021.01.10"]
[Round "2"]
[White "Volkov"]
[Black "sanjayrame"]
[Result "1-0"]
[ICCResult "Black resigns"]
[WhiteElo "2607"]
[BlackElo "2309"]
[Opening "QGD semi-Slav: Bogolyubov variation"]
[ECO "D46"]
[NIC "SL.08"]
[Time "13:01:29"]
[PlyCount "73"]
[TimeControl "1800+10"]

1. d4 d5 2. c4 c6 3. e3 Nf6 4. Nc3 e6 5. Nf3 Nbd7 6. Bd3 Be7 7. O-O dxc4 8.
Bxc4 b5 9. Bd3 Bb7 10. e4 a6 11. e5 Nd5 12. Nxd5 cxd5 13. a3 O-O 14. Qc2 g6
15. Bh6 Re8 16. Qd2 Bf8 17. Bxf8 Nxf8 18. Qh6 f5 19. exf6 Qxf6 20. Rfe1 Re7
21. Re2 Qg7 22. Qf4 Nd7 23. Qd6 Rae8 24. Rae1 Qf6 25. h4 Nb8 26. Rc2 Rd7
27. Qb6 Qd8 28. Rxe6 Rxe6 29. Qxe6+ Kg7 30. Qe5+ Kg8 31. h5 Re7 32. Qg3 Nc6
33. hxg6 h6 34. Qf4 Kg7 35. Nh4 Re1+ 36. Kh2 Qf8 37. Nf5+ { Black resigns }
1-0

[Event "ICC tourney 2297 (30 10)"]
[Site "Internet Chess Club"]
[Date "2021.01.10"]
[Round "2"]
[White "bozone"]
[Black "YKQ"]
[Result "0-1"]
[ICCResult "White resigns"]
[WhiteElo "2069"]
[BlackElo "2550"]
[Opening "Philidor: Improved Hanham variation"]
[ECO "B07"]
[NIC "PU.08"]
[Time "13:01:30"]
[PlyCount "116"]
[TimeControl "1800+10"]

1. e4 d6 2. d4 Nf6 3. Nc3 Nbd7 4. Nf3 e5 5. Bc4 Be7 6. O-O O-O 7. h3 c6 8.
Bb3 b5 9. a3 Bb7 10. Be3 a5 11. dxe5 dxe5 12. Nd2 Bc5 13. Qe2 Qb6 14. Bg5
h6 15. Bh4 Be7 16. Kh2 Nc5 17. Ba2 Bc8 18. Bg3 Bd6 19. f3 Ne6 20. Bf2 Qc7
21. g3 Nd4 22. Qd1 Qd7 23. g4 Ba6 24. Re1 Bc7 25. Ne2 Rad8 26. Nxd4 exd4+
27. Bg3 Bxg3+ 28. Kxg3 Qc7+ 29. Kg2 Rfe8 30. Nf1 c5 31. Ng3 c4 32. Rc1 Nh7
33. Nf5 Qb6 34. Qe2 Nf8 35. Qf2 Ne6 36. f4 Qc7 37. e5 Bb7+ 38. Kg3 Kh7 39.
Bb1 g6 40. Nh4 Nc5 41. Kh2 Ne4 42. Qf1 Kg7 43. Rcd1 Nc5 44. Qg1 Qe7 45. Ng2
Qd7 46. Nh4 Qd5 47. Rd2 Kh8 48. Rde2 b4 49. axb4 axb4 50. f5 g5 51. Ng2 d3
52. cxd3 cxd3 53. Rd2 Rxe5 54. Ne3 Qd4 55. Ng2 Qd6 56. Kh1 Rde8 57. Rxe5
Rxe5 58. Qf2 Ne4 { White resigns } 0-1

[Event "ICC tourney 2297 (30 10)"]
[Site "Internet Chess Club"]
[Date "2021.01.10"]
[Round "2"]
[White "parallax"]
[Black "dogetk"]
[Result "0-1"]
[ICCResult "White forfeits on time"]
[WhiteElo "2321"]
[BlackElo "1976"]
[Opening "English: Caro-Kann defensive system"]
[ECO "A11"]
[NIC "EO.64"]
[Time "13:02:19"]
[PlyCount "108"]
[TimeControl "1800+10"]

1. c4 c6 2. Nc3 d5 3. e3 Nf6 4. Nf3 Bg4 5. cxd5 cxd5 6. Qb3 Nc6 7. Qxb7 Bd7
8. Nb5 Rc8 9. Nxa7 Nxa7 10. Qxa7 e6 11. Qa6 Be7 12. Bb5 O-O 13. Bxd7 Qxd7
14. O-O Ra8 15. Qe2 Rfb8 16. b3 Rxb3 17. axb3 Rxa1 18. Bb2 Ra2 19. Rb1 Ne4
20. Qf1 Qc7 21. Be5 Qb7 22. d3 Nxf2 23. Rc1 Qa6 24. Rc7 Bd8 25. Rc3 f6 26.
Bg3 Ba5 27. Rc1 Ng4 28. d4 Qxf1+ 29. Rxf1 Nxe3 30. Rb1 Rxg2+ 31. Kh1 Ra2
32. b4 Bb6 33. b5 Kf7 34. Bd6 Nc4 35. Bc5 Ke8 36. h4 Kd7 37. Rg1 g6 38. Rb1
Bc7 39. Kg1 Rb2 40. Rxb2 Nxb2 41. Nd2 Na4 42. Nb3 e5 43. Kg2 Bb6 44. Bb4
exd4 45. Kf3 Nc3 46. Nc1 Nxb5 47. Nd3 Nc3 48. Ba3 Kc6 49. Be7 Ne4 50. Nb4+
Kd7 51. Nxd5 Nc3 52. Nxc3 dxc3 53. Bxf6 c2 54. Bb2 Ke6 { White forfeits on
time } 0-1

[Event "ICC tourney 2297 (30 10)"]
[Site "Internet Chess Club"]
[Date "2021.01.10"]
[Round "2"]
[White "imranchamp"]
[Black "Markss1420"]
[Result "0-1"]
[ICCResult "White forfeits on time"]
[WhiteElo "1826"]
[BlackElo "2090"]
[Opening "Robatsch (modern) defense"]
[ECO "B06"]
[NIC "KF.06"]
[Time "13:01:28"]
[PlyCount "196"]
[TimeControl "1800+10"]

1. e4 g6 2. d4 d6 3. Nc3 c6 4. f4 Bg7 5. Nf3 Nd7 6. Bd3 Qc7 7. O-O Ngf6 8.
e5 dxe5 9. fxe5 Nd5 10. Nxd5 cxd5 11. c3 O-O 12. g3 a5 13. Ng5 h6 14. Nxf7
Rxf7 15. Rxf7 Kxf7 16. e6+ Kxe6 17. Qg4+ Kd6 18. Qxg6+ e6 19. Qxg7 Qd8 20.
Qxh6 Nf8 21. Bg5 Qe8 22. Rf1 Bd7 23. Qf6 Kc6 24. Bf4 b5 25. Qe5 Rc8 26. a4
Kb7 27. axb5 Bxb5 28. Qg7+ Ka6 29. Bxb5+ Qxb5 30. Qe7 Qe2 31. Qd6+ Kb5 32.
Qa3 Ng6 33. Ra1 Nxf4 34. Qxa5+ Kc4 35. Qa6+ Kb3 36. Qa4+ Kxb2 37. Ra2+ Kc1
38. Rxe2 Nxe2+ 39. Kg2 Rxc3 40. h4 Nxg3 41. Qd7 Ne2 42. Kf2 Nxd4 43. Qd6
Rf3+ 44. Kg2 Kd2 45. Qb4+ Ke3 46. Qc3+ Ke4 47. Qe1+ Re3 48. Qb1+ Ke5 49.
Qg6 Nf5 50. Qh7 Rg3+ 51. Kf2 Rg7 52. Qh5 Kf6 53. Qd1 Rh7 54. h5 Kg5 55. Qe1
Rh6 56. Kf3 Rxh5 57. Qd2+ Kf6 58. Qc3+ d4 59. Qc8 Rh3+ 60. Ke2 Re3+ 61. Kd2
Ke5 62. Qc7+ Ke4 63. Qh2 Rd3+ 64. Ke2 Ng3+ 65. Ke1 Re3+ 66. Kd1 e5 67. Qg2+
Kf4 68. Qf2+ Rf3 69. Qd2+ Ke4 70. Qc2+ Kf4 71. Qd2+ Kf5 72. Qc2+ e4 73.
Qc5+ Kg4 74. Qxd4 Kf4 75. Qf6+ Ke3 76. Qh6+ Kf2 77. Qb6+ e3 78. Qd4 Rf5 79.
Kc2 Kf3 80. Qd7 e2 81. Qd3+ Kf2 82. Qd4+ Kf1 83. Qd3 Rf2 84. Kc3 Rf5 85.
Kd2 Rf2 86. Qc4 Ne4+ 87. Ke3 Nd6 88. Qd3 Nf5+ 89. Kd2 Ng3 90. Qc4 Nf5 91.
Qd3 Ng3 92. Qc4 Rf3 93. Qc1+ Kg2 94. Qc6 Kf2 95. Qc5+ Kg2 96. Qc6 Nf5 97.
Qg6+ Kf2 98. Qb6+ Re3 { White forfeits on time } 0-1

[Event "ICC tourney 2297 (30 10)"]
[Site "Internet Chess Club"]
[Date "2021.01.10"]
[Round "3"]
[White "hackerguru"]
[Black "bozone"]
[Result "0-1"]
[ICCResult "White resigns"]
[WhiteElo "1750"]
[BlackElo "2069"]
[Opening "French defense, Steiner variation"]
[ECO "A13"]
[NIC "EO.64"]
[Time "15:01:36"]
[PlyCount "64"]
[TimeControl "1800+10"]

1. c4 e6 2. e4 b6 3. Nc3 Bb7 4. Nge2 c5 5. d3 Nc6 6. g3 Nf6 7. Bg2 d6 8. h3
Be7 9. Be3 O-O 10. Qd2 a6 11. O-O Qc7 12. f4 Rfd8 13. f5 Ne5 14. Nf4 Qd7
15. Qe2 b5 16. b3 Bc6 17. g4 b4 18. Ncd5 exd5 19. cxd5 Bb5 20. g5 Ne8 21.
Qh5 g6 22. fxg6 hxg6 23. Qh4 Ng7 24. Rad1 a5 25. Rf2 a4 26. d4 cxd4 27.
Bxd4 axb3 28. axb3 Ra3 29. Bxe5 dxe5 30. Nd3 Bxd3 31. Rxd3 Bc5 32. d6 Ra2 {
White resigns } 0-1

[Event "ICC tourney 2297 (30 10)"]
[Site "Internet Chess Club"]
[Date "2021.01.10"]
[Round "3"]
[White "Goran21"]
[Black "mikolka1985"]
[Result "0-1"]
[ICCResult "White resigns"]
[WhiteElo "2008"]
[BlackElo "2545"]
[Opening "Ruy Lopez: exchange variation, 5.O-O"]
[ECO "C68"]
[NIC "RL.08"]
[Time "15:01:31"]
[PlyCount "78"]
[TimeControl "1800+10"]

1. e4 e5 2. Nf3 Nc6 3. Bb5 a6 4. Bxc6 dxc6 5. O-O Qf6 6. d3 Ne7 7. h3 Ng6
8. Bg5 Qe6 9. Nbd2 c5 10. c3 f6 11. Be3 Be7 12. d4 cxd4 13. cxd4 O-O 14. d5
Qf7 15. Rc1 Bd6 16. Nc4 h6 17. Nxd6 cxd6 18. Bb6 f5 19. Rc7 Qf6 20. exf5
Bxf5 21. Be3 Be4 22. Nh2 Rf7 23. Ng4 Qf5 24. Rxf7 Qxf7 25. Bxh6 Qxd5 26.
Qc1 Rf8 27. Rd1 Qe6 28. Qc7 Qf7 29. Qxd6 Nh4 30. f3 Nxf3+ 31. Kh1 Nh4 32.
Nxe5 Qf2 33. Rd2 Qg3 34. Qe6+ Kh7 35. Nf3 Bxf3 36. gxf3 Rxf3 37. Qe4+ Kxh6
38. Rd6+ g6 39. Rxg6+ Nxg6 { White resigns } 0-1

[Event "ICC tourney 2297 (30 10)"]
[Site "Internet Chess Club"]
[Date "2021.01.10"]
[Round "3"]
[White "sanjayrame"]
[Black "musk6868"]
[Result "1/2-1/2"]
[ICCResult "Game drawn by mutual agreement"]
[WhiteElo "2309"]
[BlackElo "2051"]
[Opening "Sicilian: Taimanov (Bastrikov) variation"]
[ECO "B47"]
[NIC "SI.40"]
[Time "15:01:33"]
[PlyCount "42"]
[TimeControl "1800+10"]

1. e4 c5 2. Nf3 e6 3. d4 cxd4 4. Nxd4 Nc6 5. Nc3 Qc7 6. Be2 a6 7. O-O Nf6
8. a3 b5 9. Be3 Bb7 10. f3 Be7 11. Qd2 O-O 12. Rad1 d5 13. exd5 Nxd4 14.
Bxd4 Nxd5 15. Nxd5 Bxd5 16. Bc3 a5 17. Kh1 b4 18. axb4 axb4 19. Bxb4 Bxb4
20. Qxb4 Qxc2 21. Bd3 Qa4 { Game drawn by mutual agreement } 1/2-1/2

[Event "ICC tourney 2297 (30 10)"]
[Site "Internet Chess Club"]
[Date "2021.01.10"]
[Round "3"]
[White "YKQ"]
[Black "dogetk"]
[Result "1/2-1/2"]
[ICCResult "Game drawn by mutual agreement"]
[WhiteElo "2550"]
[BlackElo "1976"]
[Opening "Queen's pawn"]
[ECO "A40"]
[NIC "QO.17"]
[Time "15:01:48"]
[PlyCount "46"]
[TimeControl "1800+10"]

1. d4 c6 2. Nf3 d5 3. e3 Nf6 4. Bd3 Bg4 5. Nbd2 e6 6. c4 Be7 7. Qc2 O-O 8.
Ne5 Bh5 9. b3 dxc4 10. bxc4 c5 11. Bb2 cxd4 12. exd4 Nc6 13. Nxc6 bxc6 14.
O-O Qc7 15. Rae1 Bg6 16. Bxg6 hxg6 17. Re3 Rfd8 18. Rf3 c5 19. dxc5 Bxc5
20. Bxf6 gxf6 21. Ne4 Be7 22. Nxf6+ Bxf6 23. Rxf6 Rac8 { Game drawn by
mutual agreement } 1/2-1/2

[Event "ICC tourney 2297 (30 10)"]
[Site "Internet Chess Club"]
[Date "2021.01.10"]
[Round "3"]
[White "Openyagami"]
[Black "coolsportsguy"]
[Result "1-0"]
[ICCResult "Black resigns"]
[WhiteElo "2606"]
[BlackElo "2330"]
[Opening "English: Neo-Catalan declined"]
[ECO "E06"]
[NIC "CA.05"]
[Time "15:01:42"]
[PlyCount "61"]
[TimeControl "1800+10"]

1. c4 e6 2. Nf3 d5 3. g3 Nf6 4. Bg2 Be7 5. O-O O-O 6. d4 dxc4 7. Qc2 a6 8.
Rd1 b5 9. Ne5 Nd5 10. b3 cxb3 11. axb3 Bb7 12. Ba3 Bxa3 13. Nxa3 Qe7 14.
Nd3 Nd7 15. Rdc1 c5 16. dxc5 Rac8 17. b4 Nb8 18. Nb1 Nc6 19. Qb2 Rfd8 20.
Nd2 e5 21. Ne4 f6 22. Nd6 Nd4 23. Qa2 Kf8 24. Nxc8 Rxc8 25. c6 Rxc6 26.
Bxd5 Rxc1+ 27. Rxc1 Nxe2+ 28. Qxe2 Bxd5 29. Rc8+ Kf7 30. Qh5+ Ke6 31. Re8 {
Black resigns } 1-0

[Event "ICC tourney 2297 (30 10)"]
[Site "Internet Chess Club"]
[Date "2021.01.10"]
[Round "3"]
[White "Markss1420"]
[Black "Moon-stone123"]
[Result "0-1"]
[ICCResult "White resigns"]
[WhiteElo "2090"]
[BlackElo "2150"]
[Opening "Caro-Kann defense"]
[ECO "B11"]
[NIC "CK.01"]
[Time "15:01:39"]
[PlyCount "40"]
[TimeControl "1800+10"]

1. e4 c6 2. Nc3 d5 3. Qe2 dxe4 4. Nxe4 Bf5 5. b3 e6 6. Bb2 Nd7 7. O-O-O
Ngf6 8. f3 a5 9. g4 Bg6 10. h4 h5 11. g5 Nd5 12. Nh3 a4 13. Bg2 axb3 14.
axb3 Qa5 15. c4 Ba3 16. cxd5 cxd5 17. d3 dxe4 18. fxe4 O-O 19. d4 Rfc8+ 20.
Kb1 Bb4 { White resigns } 0-1

[Event "ICC tourney 2297 (30 10)"]
[Site "Internet Chess Club"]
[Date "2021.01.10"]
[Round "3"]
[White "marble"]
[Black "Volkov"]
[Result "1/2-1/2"]
[ICCResult "Game drawn by repetition"]
[WhiteElo "2508"]
[BlackElo "2607"]
[Opening "French: Tarrasch, closed variation"]
[ECO "C05"]
[NIC "FR.16"]
[Time "15:01:32"]
[PlyCount "60"]
[TimeControl "1800+10"]

1. e4 e6 2. d4 d5 3. Nd2 Nf6 4. e5 Nfd7 5. f4 c5 6. c3 Nc6 7. Ndf3 Qb6 8.
g3 a5 9. Ne2 a4 10. Bh3 cxd4 11. cxd4 a3 12. b3 Bb4+ 13. Bd2 Ndb8 14. O-O
Bd7 15. Bxb4 Qxb4 16. Bg2 Ne7 17. Ne1 Bb5 18. Nc2 Bxe2 19. Qxe2 Qb6 20. Qd2
Nbc6 21. Rab1 O-O 22. Rfd1 Rfc8 23. Kh1 Na7 24. Bf1 Nb5 25. Bxb5 Qxb5 26.
Rbc1 Rc6 27. Nb4 Rcc8 28. Nc2 Rc6 29. Nb4 Rcc8 30. Nc2 Rc6 { Game drawn by
repetition } 1/2-1/2

[Event "ICC tourney 2297 (30 10)"]
[Site "Internet Chess Club"]
[Date "2021.01.10"]
[Round "3"]
[White "ELCCEthan488"]
[Black "Aryangambit"]
[Result "1-0"]
[ICCResult "Black resigns"]
[WhiteElo "1565"]
[BlackElo "2093"]
[Opening "King's Indian: fianchetto, Panno variation"]
[ECO "E63"]
[NIC "KI.70"]
[Time "15:01:33"]
[PlyCount "107"]
[TimeControl "1800+10"]

1. d4 Nf6 2. c4 g6 3. g3 Bg7 4. Bg2 O-O 5. Nc3 d6 6. Nf3 Nc6 7. O-O a6 8.
h3 Rb8 9. e4 b5 10. d5 b4 11. Ne2 Na5 12. Qc2 c5 13. Nd2 e5 14. Nb3 Nd7 15.
g4 Nxb3 16. axb3 Bf6 17. Ng3 Bg5 18. Bxg5 Qxg5 19. Qc1 Qxc1 20. Rfxc1 Nb6
21. Re1 Ra8 22. Ra5 Re8 23. Bf3 Re7 24. h4 f6 25. Kg2 Bb7 26. h5 Bc8 27.
Rea1 Kg7 28. Kf1 Kh6 29. Ke2 Bb7 30. Ke3 Kg7 31. Be2 Bc8 32. f4 exf4+ 33.
Kxf4 g5+ 34. Ke3 h6 35. Kd3 Kh7 36. Rf1 Nd7 37. Ke3 Ne5 38. Rxf6 Nf7 39.
Nf5 Bxf5 40. gxf5 Kg7 41. Rg6+ Kh7 42. Re6 Rxe6 43. dxe6 Nd8 44. e7 Nf7 45.
Rxa6 Re8 46. f6 Ne5 47. Rxd6 Kg8 48. Rd8 Kf7 49. Bf3 Nc6 50. Rxe8 Kxe8 51.
Bg4 Ne5 52. Bf5 Kf7 53. Bg6+ Kxf6 54. e8=Q { Black resigns } 1-0

[Event "ICC tourney 2297 (30 10)"]
[Site "Internet Chess Club"]
[Date "2021.01.10"]
[Round "3"]
[White "espark"]
[Black "TjkTiger"]
[Result "0-1"]
[ICCResult "White resigns"]
[WhiteElo "2322"]
[BlackElo "2597"]
[Opening "Sicilian: accelerated fianchetto, Maróczy bind, 6.Be3"]
[ECO "B38"]
[NIC "SI.43"]
[Time "15:02:25"]
[PlyCount "58"]
[TimeControl "1800+10"]

1. e4 c5 2. Nf3 g6 3. d4 cxd4 4. Nxd4 Bg7 5. c4 Nc6 6. Be3 Qb6 7. Nb5 Qa5+
8. N1c3 Nf6 9. f3 d6 10. Qd2 a6 11. Nd4 Nxd4 12. Bxd4 Be6 13. b3 O-O 14.
Rd1 Rfc8 15. Nd5 Qxd2+ 16. Rxd2 Bxd5 17. cxd5 Rc1+ 18. Rd1 Rc2 19. Bd3 Rxa2
20. O-O Nd7 21. Bf2 Nc5 22. Bc4 b5 23. b4 bxc4 24. bxc5 c3 25. c6 c2 26.
Rde1 Rb8 27. Ba7 Rb4 28. Rf2 Rb1 29. Rff1 Raa1 { White resigns } 0-1